 Dungeon Crawl Stone Soup version 0.23-a0-642-g3120c2f (webtiles) character file.

317 MisterFreud the Slasher (level 6, 0/39 HPs)
             Began as an Octopode Gladiator on Dec 30, 2018.
             Slain by a centaur (8 damage)
             ... on level 4 of the Dungeon.
             The game lasted 00:04:00 (2253 turns).

MisterFreud the Slasher (Octopode Gladiator)        Turns: 2253, Time: 00:04:01

Health: 0/39       AC:  1    Str: 14    XL:     6   Next: 45%
Magic:  6/6        EV: 14    Int: 12    God:
Gold:   107        SH:  0    Dex: 13    Spells: 5/5 levels left

rFire    . . .     SeeInvis .   a - +0 long sword
rCold    . . .     Gourm    .   (no shield)
rNeg     . . .     Faith    .   b - +0 hat
rPois    .         Spirit   .   k - amulet of the acrobat
rElec    .         Reflect  .   (no ring)
rCorr    .         Harm     .   (no ring)
MR       .....                  (no ring)
Stlth    ++........             (no ring)
HPRegen  0.13/turn              (no ring)
MPRegen  0.10/turn              (no ring)
                                (no ring)
                                (no ring)

@: no status effects
A: almost no armour, stealthy swim, amphibious, 8 rings, constrict 8, camouflage
1, gelatinous body 1
a: no special abilities


You were on level 4 of the Dungeon.
You were not hungry.

You visited 1 branch of the dungeon, and saw 4 of its levels.

You collected 107 gold pieces.

Inventory:

Hand Weapons
 a - a +0 long sword (weapon)
Missiles
 c - 4 throwing nets (quivered)
 i - 90 stones
 j - 24 sling bullets
 q - 24 arrows
Armour
 b - a +0 hat (worn)
Jewellery
 k - an amulet of the acrobat (around mantle)
Scrolls
 e - 3 scrolls of remove curse {unknown}
 f - a scroll of immolation {unknown}
 h - 3 scrolls of identify {unknown}
 m - 2 scrolls of amnesia {unknown}
 n - 2 scrolls of blinking {unknown}
 r - a scroll of teleportation {unknown}
 s - a scroll of enchant armour {unknown}
 u - a scroll of enchant weapon {unknown}
Potions
 g - a potion of might {unknown}
 o - a potion of curing {unknown}
 p - a potion of lignification {unknown}
 t - a potion of mutation {unknown}
Comestibles
 d - 4 rations
 l - 10 chunks of flesh


   Skills:
 - Level 2.0 Fighting
 + Level 7.0 Long Blades
 - Level 2.0 Throwing
 - Level 3.0 Dodging


You had 5 spell levels left.
You didn't know any spells.
Your spell library was empty.

Dungeon Overview and Level Annotations

Branches:
Dungeon (4/15)
 Temple: D:4-7

Altars:
Okawaru
Vehumet


Innate Abilities, Weirdness & Mutations

You cannot wear most types of armour.
You are very stealthy in the water. (Stealth+)
You are amphibious.
You can wear up to eight rings at the same time.
You can use your tentacles to constrict eight enemies at once.
Your skin changes colour to match your surroundings (Stealth+).
Your rubbery body absorbs attacks. (AC +1, EV +1)


Message History

The centaur misses you. The crimson imp hits you.
You closely miss the centaur.
The centaur is lightly wounded.
The centaur hits you. x2; The crimson imp hits you.
You hit the centaur. Your squeeze misses the centaur.
The centaur is moderately wounded.
The centaur hits you. The crimson imp hits you.
You hit the centaur but do no damage.
The centaur is moderately wounded.
The centaur closely misses you. The centaur hits you.
The crimson imp closely misses you.
You hit the centaur but do no damage.
The centaur is moderately wounded.
The centaur hits you!
* * * LOW HITPOINT WARNING * * *
The crimson imp barely misses you.
You slash the centaur! You squeeze the centaur.
The centaur is severely wounded.
The centaur hits you!
You die...

.o.
#########..#
##.....#...:.
##............
#.............
#.............
#.....<..$....
#)............
#..5@.........
#..c......(..#
##...........#
##.....#.>..#
##########.#
.#


You could see a centaur and a crimson imp.

Vanquished Creatures
  A bullfrog (D:3)
  An orc priest (D:3)
  An orc wizard (D:3)
  4 gnolls (D:3)
  6 adders
  2 oozes (D:1)
  4 worms
  A dart slug (D:1)
  2 leopard geckos
  3 orcs (D:3)
  2 ball pythons
  5 bats
  5 giant cockroaches
  8 goblins
  6 hobgoblins
  8 jackals
  2 quokkas
  2 frilled lizards (D:1)
  7 kobolds
  12 rats
82 creatures vanquished.

Notes
Turn   | Place    | Note
-------+----------+-------------------------------------------
     0 | D:1      | MisterFreud the Octopode Gladiator began the quest for the
                  | Orb.
     0 | D:1      | Reached XP level 1. HP: 14/14 MP: 1/1
     1 | D:1      | Found a runed door.
    66 | D:1      | Reached XP level 2. HP: 17/19 MP: 2/2
   530 | D:1      | Reached skill level 4 in Long Blades
   690 | D:1      | Reached XP level 3. HP: 24/24 MP: 3/3
  1090 | D:2      | Reached XP level 4. HP: 28/29 MP: 4/4
  1185 | D:2      | Reached skill level 5 in Long Blades
  1563 | D:3      | Found a radiant altar of Vehumet.
  1563 | D:3      | Noticed a bullfrog
  1571 | D:3      | Killed a bullfrog
  1571 | D:3      | Reached skill level 6 in Long Blades
  1571 | D:3      | Reached XP level 5. HP: 31/34 MP: 5/5
  1691 | D:3      | Reached XP level 6. HP: 39/39 MP: 6/6
  1820 | D:3      | Found an iron altar of Okawaru.
  2034 | D:3      | Reached skill level 7 in Long Blades
  2253 | D:4      | Slain by a centaur

Vault maps used:
D:1:      dpeg_arrival_caged_fury
D:3:      vehumet_crystals, okawaru_metal_pillars_1_2
D:4:      first_ration, fountainhead, minmay_cut_off

Skill      XL: |  1  2  3  4  5  6 |
---------------+-------------------+-----
Long Blades    | 4 6 7 |  7.0
Fighting       | |  2.0
Throwing       | |  2.0
Dodging        | |  3.0

Action                   |  1- 3 |  4- 6 || total
-------------------------+-------+-------++-------
Melee: Long sword        |    58 |    89 ||   147
       Constrict         |    17 |    27 ||    44
       Tentacles         |    11 |    25 ||    36
 Stab: Sleeping          |     8 |     7 ||    15
  Eat: Chunk             |     1 |     3 ||     4
Armor: Skin              |     1 |     4 ||     5
Dodge: Dodged            |    52 |    64 ||   116
       Rpst.: Long sword |    14 |    15 ||    29

Table legend:
 A = Non-vault XP
 B = Vault XP
 C = Vault XP percentage of total XP
 D = Non-vault monster count
 E = Vault monster count
 F = Vault count percentage of total count
                 A         B        C        D         E       F
            +---------+---------+-------+---------+---------+-------
      Total |     416 |      38 |   8.4 |      69 |      13 |  15.9
            +---------+---------+-------+---------+---------+-------
        D:1 |      35 |      38 |  52.1 |      18 |      13 |  41.9
        D:2 |      65 |       0 |   0.0 |      18 |       0 |   0.0
        D:3 |     316 |       0 |   0.0 |      33 |       0 |   0.0
            +---------+---------+-------+---------+---------+-------
